 Dungeon Crawl Stone Soup version 0.29-a0-284-gf9362112df (webtiles) character file.

Game seed: 12885451795482473929

194473 dolemite99 the Spry (level 18, -12/157 HPs)
             Began as a Merfolk Monk on Mar 20, 2022.
             Was a Believer of Jiyva.
             Mangled by a naga warrior
             ... wielding a +0 hand axe
              (34 damage)
             ... on level 2 of the Snake Pit.
             The game lasted 01:03:02 (37318 turns).

dolemite99 the Spry (Merfolk Monk)                 Turns: 37318, Time: 01:03:03

Health: -12/157    AC: 28    Str: 18    XL:     18   Next: 30%
Magic:  18/18      EV: 15    Int: 12    God:    Jiyva [**....]
Gold:   881        SH:  0    Dex: 17    Spells: 15/17 levels left

rFire   + . .      SeeInvis +   a - +0 glaive
rCold   . . .      Faith    .   (shield currently unavailable)
rNeg    . . .      Spirit   .   P - +1 plate armour {rPois}
rPois   +          Reflect  .   (no helmet)
rElec   .          Harm     .   G - +0 cloak
rCorr   +          Rampage  ∞   (gloves unavailable)
Will    +....                   J - +3 pair of seven-league boots {Rampage+∞}
Stlth   ..........              e - amulet of magic regeneration
HPRegen 1.32/turn               M - +4 ring of evasion
MPRegen 0.86/turn               z - +4 ring of protection {=R}

@: calling ooze, constricted
A: (nimble swimmer 2), mertail, claws 3, iridescent scales 2, clever 1, fire
resistance 1, wild magic 2, acidic bite, eyeballs 3, jelly sensing items, engulf
}: 1/15 runes: barnacled
a: Renounce Religion


You were on level 2 of the Snake Pit.
You worshipped Jiyva.
Jiyva was pleased with you.
You visited 5 branches of the dungeon, and saw 29 of its levels.

You collected 1652 gold pieces.
You spent 771 gold pieces at shops.

Inventory:

Hand Weapons
 a - a +0 glaive (weapon)
 b - a +1 halberd of flaming
 j - a +0 antimagic trident
 H - a +3 halberd
 I - a +2 halberd
 T - a +0 trident of flaming
 U - a +2 trident of flaming
Missiles
 i - 7 boomerangs (quivered)
 v - a silver javelin
Armour
 h - a +2 scale mail of positive energy
 p - a +0 helmet
 G - a +0 cloak (worn)
 J - the +3 pair of seven-league boots (worn) {Rampage+∞}
   (You found it on level 1 of the Orcish Mines)

   Its wearer moves as far as possible in that direction when moving towards
   enemies.
 P - a +1 plate armour of poison resistance (worn)
 S - the +8 plate armour of Immorality {MP+9 Stlth+}
   (You found it on level 6 of the Lair of Beasts)

   MP:        It affects your magic capacity (+9).
   Stlth:     It makes you more stealthy.
Magical Staves
 C - a staff of poison
Jewellery
 d - a ring of ice
 e - an amulet of magic regeneration (around neck)
 k - a ring of positive energy
 n - a ring of ice
 o - a ring of wizardry
 s - a ring of resist corrosion
 y - a +6 ring of strength
 z - a +4 ring of protection (right claw) {=R}
 M - a +4 ring of evasion (left claw)
Wands
 t - a wand of paralysis (3)
 Q - a wand of charming (6)
 R - a wand of polymorph (20)
Scrolls
 f - a scroll of identify {@r1}
 u - a scroll of enchant armour
 x - 2 scrolls of teleportation
 O - 3 scrolls of amnesia
 Y - 4 scrolls of magic mapping
Potions
 c - a potion of ambrosia
 g - 3 potions of brilliance
 l - 4 potions of mutation
 m - 2 potions of cancellation
 q - a potion of attraction
 r - 2 potions of degeneration
 A - a potion of curing
 B - 3 potions of flight {unknown}
 D - a potion of invisibility {unknown}
 E - 2 potions of lignification {unknown}
 F - 2 potions of might {unknown}
Miscellaneous
 w - a condenser vane (inert)
 L - a tin of tremorstones (2/2)
 Z - a lightning rod (2/4)


   Skills:
 - Level 18.0 Fighting
 - Level 20.3 Polearms
 + Level 7.2 Throwing
 - Level 8.7 Armour
 - Level 20.4 Dodging
 - Level 2.1 Stealth
 - Level 12.7 Evocations


You had 15 spell levels left.
You knew the following spells:

 Your Spells              Type           Power      Damage    Failure   Level
a - Poisonous Vapours     Pois/Air       0%         N/A       100%        2

Your spell library contained the following spells:

 Spells                   Type           Power      Damage    Failure   Level
 Animate Skeleton         Necr           0%         N/A       100%        1
 Pain                     Necr           0%         1d4       100%        1
 Shock                    Conj/Air       0%         1d3       100%        1
 Sting                    Tmut/Pois      0%         1d3       100%        1
 Conjure Flame            Conj/Fire      0%         6-21      100%        3
 Ignite Poison            Fire/Tmut/Pois 0%         N/A       100%        3
 Inner Flame              Hex/Fire       0%         N/A       100%        3
 Swiftness                Air            0%         N/A       100%        3
 Vampiric Draining        Necr           0%         2d6       100%        3
 Airstrike                Air            0%         N/A       100%        4
 Cause Fear               Hex            0%         N/A       100%        4
 Olgreb's Toxic Radiance  Pois           0%         N/A       100%        4
 Sticky Flame             Conj/Fire      0%         2d3       100%        4
 Dispersal                Tloc           0%         N/A       100%        6
 Discord                  Hex            0%         N/A       100%        8
 Disjunction              Tloc           0%         N/A       100%        8


Dungeon Overview and Level Annotations

Branches:
Dungeon (15/15)            Temple (0/1) D:7            Lair (6/6) D:10
 Shoals (4/4) Lair:2        Snake (2/4) Lair:4        Slime (0/5) Lair:6
    Orc (2/2) D:11            Elf (0/3) Orc:2        Vaults (0/5) D:14
 Depths (0/4) D:15

Altars:
Ashenzari
Cheibriados
Gozag
Hepliaklqana
Uskayaw
Vehumet
Yredelemnul
Beogh
Jiyva

Shops:
D:3 *   D:12 [   D:15 (   Orc:2 :[*(   Shoals:1 =

Annotations:
Shoals:1 3 runed translucent doors, Tayschli's ghost, journeyman DjFE
Shoals:2 1 runed translucent door
Orc:2 3 runed translucent doors, SweetAndFullOfGrace's ghost, journeyman MiBe; jlumianski's ghost, journeyman DsGl; ooooo's ghost, journeyman OpCj


Innate Abilities, Weirdness & Mutations

((You are very nimble when in or above water. (Stealth+, EV+, Speed+++)))
Your lower body shifts to a powerful aquatic tail in water.
You have claws for hands.
You are mostly covered in iridescent scales. (AC +4)
Your mind is acute. (Int +2)
Your flesh is heat resistant. (rF+)
Your spells are harder to cast, but more powerful.
You have acidic saliva.
Your body is covered in eyes which may confuse attackers. (Acc +7, SInv)
You have a small jelly attached to you that senses nearby items.
Your melee attacks may engulf your foes in ooze.


Message History

The naga warrior is heavily wounded.
The naga warrior hits you with a +0 hand axe!!!
The naga warrior constricts you.
You are too injured to fight recklessly!
You are too injured to fight recklessly!
You barely miss the naga warrior.
The naga warrior is heavily wounded.
You hit the naga warrior.
The naga warrior is heavily wounded.
The naga warrior hits you with a +0 hand axe.
The naga warrior constricts you.
You slice the naga warrior!!
The naga warrior is severely wounded.
The naga warrior roars a battlecry!
The naga goes into a battle-frenzy!
The naga warrior constricts you.
Activating: Oozemancy (24% risk of failure)
Press: ? - help, Dir - look around, f - activate Slime begins to ooze from the nearby walls!
Jiyva will no longer mutate your body.
You can no longer call acidic ooze from nearby walls.
The naga warrior no longer looks unusually strong.
The wall burns the naga warrior! x2; The naga warrior barely misses you.
The naga warrior constricts you.
You slash the naga warrior!
The naga warrior is almost dead.
You hit the naga warrior but do no damage.
The naga warrior is almost dead.
The wall burns the naga warrior!
The naga warrior hits you from afar with a +0 halberd!
The wall burns the naga warrior!
The naga warrior hits you with a +0 hand axe!!
* * * LOW HITPOINT WARNING * * *
The naga warrior constricts you.
You feel better.
The wall burns the naga warrior!
The naga warrior hits you from afar with a +0 halberd!
* * * LOW HITPOINT WARNING * * *
The wall burns the naga warrior!
The naga warrior hits you with a +0 hand axe!!
You die...

!.... ####...<##
...[... ##....
##..#...# .
...... #.#..##
#..#....
.#......
.#..##..N.#
...#F..####N..#
.......<..#
#.....#....##
......##...#
#.......#[).#
..........##
#.....###)###
.... ...##
##NNN.###)## #..
....##.@#.##†.##
##
##..#..##.#.<##
#.#.##.#..##
###.#####.#
#..## #.## ####
#.. #. .# #.


You could see 2 naga warriors, a goliath frog and a naga (strong).

Vanquished Creatures
  Nikola (Shoals:1)
  Jorgrun (Shoals:1)
  Mlioglotl (Snake:1)
  Polyphemus (Shoals:3)
  A kraken (Shoals:4)
  An orc warlord (Orc:2)
  A dire elephant (D:15)
  3 merfolk javelineers (Shoals:4)
  7 merfolk impalers
  Josephine (D:10)
  The ghost of Grognak the Cleaver, a journeyman MiFi of Okawaru (Orc:1)
  4 vault guards (D:14)
  3 boulder beetles
  Erolcha (Orc:1)
  Harold (D:10)
  5 naga warriors
  9 hydras
  2 ogre magi
  13 two-headed ogres
  3 catoblepae
  An alligator snapping turtle (Shoals:1)
  7 anacondas (Snake:1)
  3 merfolk avatars
  4 merfolk aquamancers
  4 centaur warriors
  8 death yaks
  2 satyrs
  A naga sharpshooter (Snake:1)
  Urug (Lair:5)
  3 tengu warriors
  An orc high priest (Orc:2)
  A deep elf knight (D:14)
  2 shock serpents (Snake:1)
  10 sea snakes
  3 fire crabs
  Lodul (D:13)
  3 naga ritualists
  A deep elf archer (D:14)
  A deep elf pyromancer (D:15)
  A lindwurm (Lair:6)
  6 orc knights
  12 harpies
  21 ugly things
  5 mana vipers
  4 orc sorcerers
  13 manticores
  A moth of wrath (Orc:1)
  7 cyclopes
  5 salamanders
  9 fauns
  19 elephants
  2 guardian serpents (Snake:2)
  15 black mambas
  5 merfolk sirens
  8 water nymphs
  4 naga magi (Snake:1)
  A torpor snail (Lair:4)
  14 cane toads
  2 gargoyles
  A yaktaur (D:15)
  A yaktaur (shapeshifter) (D:15)
  7 rime drakes
  20 komodo dragons
  4 kobold demonologists (D:10)
  An efreet (D:14)
  2 tengu conjurers
  4 trolls
  3 meliai (D:11)
  8 polar bears
  27 merfolk
  6 hornets
  A tarantella (shapeshifter) (D:13)
  Prince Ribbit (D:9)
  3 blink frogs
  12 snapping turtles
  5 wind drakes
  17 dream sheep
  14 spriggans (Lair:6)
  11 water elementals
  8 wyverns
  4 wraiths
  59 yaks
  A vampire (D:12)
  7 vampire mosquitoes
  5 basilisks
  A redback (shapeshifter) (D:13)
  9 wargs
  5 acid dragons
  11 nagas
  21 water moccasins
  35 orc warriors
  7 black bears
  A hornet zombie (D:8)
  2 ice beasts
  A sky beast (D:8)
  10 ogres
  7 boggarts
  28 wolves
  9 centaurs
  A phantom (D:6)
  3 kobold brigands
  2 gnoll sergeants
  24 bullfrogs
  A necrophage (D:8)
  A wyvern zombie (D:8)
  2 scorpions
  12 wights
  6 killer bees (D:9)
  A jelly (Shoals:4)
  4 electric eels
  4 howler monkeys (D:12)
  2 centaur zombies (D:8)
  A human zombie (D:8)
  8 orc priests
  3 hounds
  Crazy Yiuf (D:2)
  2 iguanas
  14 orc wizards
  8 hell rats
  A killer bee zombie (D:8)
  3 mummies (D:8)
  2 howler monkey zombies (D:8)
  17 gnolls
  11 adders
  9 river rats (Lair:2)
  13 white imps
  2 worms (D:3)
  A dart slug (D:3)
  44 orcs
  4 endoplasms
  3 giant cockroaches
  9 goblins
  4 hobgoblins
  20 kobolds
  4 quokkas
  9 ball pythons
  4 bats
  3 frilled lizards
  5 rats
918 creatures vanquished.

Vanquished Creatures (collateral kills)
  A hydra (D:11)
1 creature vanquished.

Vanquished Creatures (others)
  A naga warrior (Snake:1)
  A merfolk avatar (Shoals:1)
  A deep elf pyromancer (D:14)
  An ugly thing (D:14)
  A manticore (D:11)
  A cyclops (D:13)
  An elephant (Lair:6)
  A merfolk siren (Shoals:3)
  A naga mage (Snake:1)
  A rime drake (Lair:3)
  7 slime creatures
  A blink frog (Lair:6)
  7 dream sheep (Lair:6)
  2 yaks (D:10)
  Duvessa (D:7)
  An orc warrior (D:8)
  3 centaurs
  A kobold brigand (D:10)
  2 bullfrogs
  2 scorpions (D:10)
  2 necrophages (D:7)
  Dowan (D:7)
  A howler monkey (D:10)
  179 jellies
  An orc priest (D:14)
  A hound (D:4)
  An iguana (D:4)
  5 orc wizards
  An adder (D:6)
  3 ufetubi
  A worm (shapeshifter) (D:15)
  14 orcs
  A ball python (D:4)
  6 kobolds
  160 fungi
  325 plants
  4 tentacles (Shoals:4)
743 creatures vanquished.

Grand Total: 1662 creatures vanquished

Notes
Turn   | Place    | Note
-------+----------+-------------------------------------------
     0 | D:1      | dolemite99 the Merfolk Monk began the quest for the Orb.
     0 | D:1      | Reached XP level 1. HP: 18/18 MP: 1/1
   335 | D:1      | Reached XP level 2. HP: 22/24 MP: 2/2
   515 | D:1      | Reached skill level 5 in Polearms
   991 | D:2      | Reached XP level 3. HP: 19/29 MP: 3/3
  1281 | D:2      | Found a runed translucent door.
  1282 | D:2      | Noticed Crazy Yiuf
  2097 | D:3      | Reached XP level 4. HP: 31/35 MP: 4/4
  2494 | D:3      | Found Joanuuka's Assorted Antiques.
  2503 | D:3      | Bought a fizzy red potion for 20 gold pieces
  2503 | D:3      | Bought a scroll labelled QADUS QANKAT for 23 gold pieces
  2503 | D:3      | Bought a scroll labelled GAJESU JAYPLO for 23 gold pieces
  2503 | D:3      | Bought a scroll labelled ONYTUG CABBE for 23 gold pieces
  2710 | D:3      | Found a faded altar of an unknown god.
  2717 | D:3      | Prayed at the altar of an unknown god.
  2717 | D:3      | Became a worshipper of Jiyva Jessuttu the Shapeless
  2717 | D:3      | Reached * piety under Jiyva
  2717 | D:3      | Reached ** piety under Jiyva
  2773 | D:3      | Reached XP level 5. HP: 38/41 MP: 5/5
  3052 | D:4      | Reached *** piety under Jiyva
  3135 | D:4      | Gained mutation: Your body has grown eyes which may confuse
                  | attackers. (Acc +3) [Jiyva's grace]
  3135 | D:4      | Gained mutation: Your body has grown many eyes which may
                  | confuse attackers. (Acc +5) [Jiyva's grace]
  3135 | D:4      | Gained mutation: Your body is covered in eyes which may
                  | confuse attackers. (Acc +7, SInv) [Jiyva's grace]
  3135 | D:4      | Gained mutation: Your muscles are strong. (Str +2) [Jiyva's
                  | grace]
  3471 | D:4      | Reached XP level 6. HP: 38/47 MP: 6/6
  3549 | D:4      | Noticed a water moccasin
  3576 | D:4      | Killed a water moccasin
  4034 | D:4      | Found a radiant altar of Vehumet.
  4034 | D:4      | Found a snail-covered altar of Cheibriados.
  4042 | D:4      | Found a faded altar of an unknown god.
  4048 | D:4      | Found a faded altar of an unknown god.
  4050 | D:4      | Found a hide-covered altar of Uskayaw.
  4104 | D:5      | Entered Level 5 of the Dungeon
  4135 | D:5      | Found a broken altar of Ashenzari.
  4476 | D:5      | Reached skill level 10 in Polearms
  4476 | D:5      | Reached XP level 7. HP: 49/52 MP: 7/7
  4627 | D:5      | Reached **** piety under Jiyva
  6063 | D:6      | Reached XP level 8. HP: 58/58 MP: 8/8
  6664 | D:7      | Lost mutation: Your body is covered in eyes which may
                  | confuse attackers. (Acc +7, SInv) [Jiyva's grace]
  6664 | D:7      | Lost mutation: Your body has grown many eyes which may
                  | confuse attackers. (Acc +5) [Jiyva's grace]
  6664 | D:7      | Gained mutation: You have a pair of small antennae on your
                  | head. [Jiyva's grace]
  6664 | D:7      | Gained mutation: You have a pair of antennae on your head.
                  | [Jiyva's grace]
  6664 | D:7      | Gained mutation: You have a pair of large antennae on your
                  | head. (SInv) [Jiyva's grace]
  6664 | D:7      | Gained mutation: You possess an exceptional clarity of
                  | mind. [Jiyva's grace]
  6724 | D:7      | Noticed a hornet
  6729 | D:7      | Killed a hornet
  6938 | D:7      | Found a staircase to the Ecumenical Temple.
  6962 | D:7      | Killed Duvessa
  6970 | D:7      | Reached XP level 9. HP: 59/64 MP: 6/9
  6988 | D:7      | Reached skill level 15 in Polearms
  7085 | D:7      | Killed Dowan
  8027 | D:8      | Reached skill level 5 in Dodging
  8143 | D:8      | Found a basalt altar of Yredelemnul.
  8192 | D:8      | Reached skill level 5 in Fighting
  8901 | D:9      | Reached XP level 10. HP: 76/76 MP: 10/10
  9140 | D:9      | Noticed Prince Ribbit
  9145 | D:9      | Killed Prince Ribbit
  9324 | D:9      | Noticed a six-headed hydra
  9338 | D:9      | Killed a six-headed hydra
  9339 | D:9      | Reached skill level 10 in Dodging
  9647 | D:9      | Noticed a two-headed ogre
  9669 | D:9      | Killed a two-headed ogre
  9670 | D:9      | Reached XP level 11. HP: 89/89 MP: 11/11
  9837 | D:10     | Entered Level 10 of the Dungeon
  9866 | D:10     | Noticed Harold
  9917 | D:10     | Killed Harold
 10225 | D:10     | Reached skill level 10 in Fighting
 10315 | D:10     | Noticed a two-headed ogre
 10322 | D:10     | Killed a two-headed ogre
 10324 | D:10     | Gained mutation: You are agile. (Dex +2) [Jiyva's grace]
 10324 | D:10     | Gained mutation: You are very agile. (Dex +4) [Jiyva's
                  | grace]
 10324 | D:10     | Gained mutation: You are covered in slimy tendrils that may
                  | disarm your opponents. [Jiyva's grace]
 10324 | D:10     | Gained mutation: Your spells are a little harder to cast,
                  | but a little more powerful. [Jiyva's grace]
 10328 | D:10     | Found a staircase to the Lair.
 10376 | D:10     | Noticed Josephine
 10386 | D:10     | Killed Josephine
 10576 | D:10     | Noticed a soul eater
 10597 | D:10     | Noticed a sun demon
 11246 | D:11     | Killed a manticore
 11250 | D:11     | Noticed a purple ugly thing
 11262 | D:11     | Killed a purple ugly thing
 11263 | D:11     | Reached XP level 12. HP: 90/102 MP: 12/12
 11453 | D:11     | Noticed a two-headed ogre
 11475 | D:11     | Killed a two-headed ogre
 12207 | D:11     | Reached skill level 15 in Dodging
 12581 | D:11     | Found a staircase to the Orcish Mines.
 12620 | D:11     | Reached skill level 1 in Armour
 12716 | D:11     | Noticed a seven-headed hydra
 12726 | D:11     | HP: 5/103 [eight-headed hydra (7)]
 12726 | D:11     | HP: 1/103 [eight-headed hydra (4)]
 12727 | D:11     | Killed an eight-headed hydra
 13158 | D:12     | Found Porur's Armour Boutique.
 13476 | Lair:1   | Entered Level 1 of the Lair of Beasts
 13716 | Lair:1   | Reached skill level 5 in Armour
 13789 | Lair:1   | Found a frozen archway.
 13822 | Lair:1   | Learned a level 2 spell: Poisonous Vapours
 13842 | Lair:1   | Noticed a seven-headed hydra
 13852 | Lair:1   | Killed a seven-headed hydra
 13969 | Lair:1   | Reached XP level 13. HP: 109/109 MP: 13/13
 14507 | Lair:2   | Lost mutation: You have a pair of large antennae on your
                  | head. (SInv) [Jiyva's grace]
 14507 | Lair:2   | Lost mutation: You are very agile. (Dex +4) [Jiyva's grace]
 14507 | Lair:2   | Lost mutation: You are agile. (Dex +2) [Jiyva's grace]
 14507 | Lair:2   | Lost mutation: Your muscles are strong. (Str +2) [Jiyva's
                  | grace]
 14507 | Lair:2   | Lost mutation: Your spells are a little harder to cast, but
                  | a little more powerful. [Jiyva's grace]
 14507 | Lair:2   | Lost mutation: Your body has grown eyes which may confuse
                  | attackers. (Acc +3) [Jiyva's grace]
 14507 | Lair:2   | Gained mutation: Your melee attacks may engulf your foes in
                  | ooze. [Jiyva's grace]
 14507 | Lair:2   | Gained mutation: Your flesh is heat resistant. (rF+)
                  | [Jiyva's grace]
 14507 | Lair:2   | Gained mutation: Your flesh is very heat resistant. (rF++)
                  | [Jiyva's grace]
 14507 | Lair:2   | Gained mutation: Your flesh is almost immune to the effects
                  | of heat. (rF+++) [Jiyva's grace]
 14833 | Lair:2   | Found a staircase to the Shoals.
 15028 | Lair:2   | Reached skill level 1 in Evocations
 15953 | Lair:3   | Reached skill level 5 in Evocations
 17858 | Lair:3   | Reached XP level 14. HP: 94/118 MP: 14/14
 17962 | Lair:3   | Reached skill level 10 in Evocations
 18763 | Lair:4   | Lost mutation: You have a pair of antennae on your head.
                  | [Jiyva's grace]
 18763 | Lair:4   | Lost mutation: Your flesh is almost immune to the effects
                  | of heat. (rF+++) [Jiyva's grace]
 18763 | Lair:4   | Lost mutation: Your flesh is very heat resistant. (rF++)
                  | [Jiyva's grace]
 18763 | Lair:4   | Lost mutation: You are covered in slimy tendrils that may
                  | disarm your opponents. [Jiyva's grace]
 18763 | Lair:4   | Gained mutation: You are robust. (+10% HP) [Jiyva's grace]
 18763 | Lair:4   | Gained mutation: You are very robust. (+20% HP) [Jiyva's
                  | grace]
 18763 | Lair:4   | Gained mutation: You are extremely robust. (+30% HP)
                  | [Jiyva's grace]
 18763 | Lair:4   | Gained mutation: A frigid envelope surrounds you and
                  | freezes all who hurt you. [Jiyva's grace]
 19104 | Lair:4   | Found a staircase to the Snake Pit.
 19788 | Lair:5   | Noticed Urug
 19837 | Lair:5   | Killed Urug
 20422 | Lair:5   | Lost mutation: You possess an exceptional clarity of mind.
                  | [Jiyva's grace]
 20422 | Lair:5   | Gained mutation: You expend magic power (3 MP) to
                  | strengthen your wands. [Jiyva's grace]
 20422 | Lair:5   | Gained mutation: You are partially covered in iridescent
                  | scales. (AC +2) [Jiyva's grace]
 20422 | Lair:5   | Gained mutation: You are mostly covered in iridescent
                  | scales. (AC +4) [Jiyva's grace]
 20422 | Lair:5   | Gained mutation: You are completely covered in iridescent
                  | scales. (AC +6) [Jiyva's grace]
 20885 | Lair:6   | Entered Level 6 of the Lair of Beasts
 20915 | Lair:6   | Reached ***** piety under Jiyva
 21122 | Lair:6   | Reached skill level 15 in Fighting
 21160 | Lair:6   | Reached XP level 15. HP: 147/167 MP: 15/15
 21287 | Lair:6   | Identified the +8 plate armour of Immorality {MP+9 Stlth+}
 21892 | Lair:6   | Found a staircase to the Slime Pits.
 22305 | Orc:1    | Entered Level 1 of the Orcish Mines
 22325 | Orc:1    | Paralysed by an ogre mage for 2 turns
 22663 | Orc:1    | Lost mutation: You expend magic power (3 MP) to strengthen
                  | your wands. [Jiyva's grace]
 22663 | Orc:1    | Gained mutation: You expend magic power (3 MP) to
                  | strengthen your wands. [Jiyva's grace]
 22663 | Orc:1    | Gained mutation: Your movements are slightly less
                  | encumbered by armour. (ER -2) [Jiyva's grace]
 22663 | Orc:1    | Gained mutation: Your movements are less encumbered by
                  | armour. (ER -4) [Jiyva's grace]
 22663 | Orc:1    | Gained mutation: Your movements are significantly less
                  | encumbered by armour. (ER -6) [Jiyva's grace]
 22697 | Orc:1    | Found a transporter.
 22704 | Orc:1    | Noticed Erolcha
 22706 | Orc:1    | Found a transporter.
 22711 | Orc:1    | Killed Erolcha
 22714 | Orc:1    | Noticed Grognak's ghost (journeyman MiFi)
 22714 | Orc:1    | Found the +3 pair of seven-league boots {Rampage+∞}
 22873 | Orc:2    | Entered Level 2 of the Orcish Mines
 22904 | Orc:2    | Found Qosairesk's General Store.
 22971 | Orc:2    | Noticed an orc warlord
 22983 | Orc:2    | Killed an orc warlord
 23039 | Orc:2    | Found Zehukiwi's Antique Armour Shop.
 23219 | Orc:2    | Found a runed translucent gate.
 23219 | Orc:2    | Found a runed translucent gate.
 23219 | Orc:2    | Found a runed translucent gate.
 23220 | Orc:2    | Noticed SweetAndFullOfGrace's ghost (journeyman MiBe)
 23220 | Orc:2    | Noticed ooooo's ghost (journeyman OpCj)
 23220 | Orc:2    | Noticed jlumianski's ghost (journeyman DsGl)
 23329 | Orc:2    | Bought a potion of heal wounds for 70 gold pieces
 23395 | Orc:2    | Found Gedghuari's Book Shop.
 23490 | Orc:2    | Found Ytuowall's Antique Weapon Shop.
 23540 | Orc:2    | Found a staircase to the Elven Halls.
 24221 | D:12     | Lost mutation: A frigid envelope surrounds you and freezes
                  | all who hurt you. [Jiyva's grace]
 24221 | D:12     | Lost mutation: You are extremely robust. (+30% HP) [Jiyva's
                  | grace]
 24221 | D:12     | Gained mutation: You have acidic saliva. [Jiyva's grace]
 24221 | D:12     | Gained mutation: You possess an exceptional clarity of
                  | mind. [Jiyva's grace]
 24221 | D:12     | Gained mutation: Your translucent skin slightly reduces
                  | your foes' accuracy. (Stealth+) [Jiyva's grace]
 24221 | D:12     | Gained mutation: Your translucent skin reduces your foes'
                  | accuracy. (Stealth+) [Jiyva's grace]
 24244 | D:12     | Reached ****** piety under Jiyva
 24845 | D:13     | Found an opulent altar of Gozag.
 24977 | D:13     | Noticed Lodul
 25020 | D:13     | Killed Lodul
 25469 | D:14     | Reached XP level 16. HP: 171/171 MP: 16/16
 25511 | D:14     | Found a gate to the Vaults.
 26448 | D:15     | Entered Level 15 of the Dungeon
 26553 | D:15     | Lost mutation: You are completely covered in iridescent
                  | scales. (AC +6) [Jiyva's grace]
 26553 | D:15     | Lost mutation: You possess an exceptional clarity of mind.
                  | [Jiyva's grace]
 26553 | D:15     | Lost mutation: Your translucent skin reduces your foes'
                  | accuracy. (Stealth+) [Jiyva's grace]
 26553 | D:15     | Lost mutation: Your translucent skin slightly reduces your
                  | foes' accuracy. (Stealth+) [Jiyva's grace]
 26553 | D:15     | Lost mutation: You expend magic power (3 MP) to strengthen
                  | your wands. [Jiyva's grace]
 26553 | D:15     | Lost mutation: Your movements are significantly less
                  | encumbered by armour. (ER -6) [Jiyva's grace]
 26553 | D:15     | Gained mutation: You are completely covered in iridescent
                  | scales. (AC +6) [Jiyva's grace]
 26553 | D:15     | Gained mutation: Your spells are a little harder to cast,
                  | but a little more powerful. [Jiyva's grace]
 26553 | D:15     | Gained mutation: Your spells are harder to cast, but more
                  | powerful. [Jiyva's grace]
 26553 | D:15     | Gained mutation: Your spells are much harder to cast, but
                  | much more powerful. [Jiyva's grace]
 26617 | D:15     | Found a staircase to the Depths.
 27267 | D:15     | Found a hazy altar of Hepliaklqana.
 27555 | D:15     | Found Nuoppokh's Antique Weapon Shoppe.
 28050 | Shoals:1 | Entered Level 1 of the Shoals
 28053 | Shoals:1 | Noticed Nikola
 28065 | Shoals:1 | Killed Nikola
 28133 | Shoals:1 | Noticed Jorgrun
 28141 | Shoals:1 | Killed Jorgrun
 28477 | Shoals:1 | Found Moiceq's Jewellery Emporium.
 28486 | Shoals:1 | Bought a +4 ring of protection for 612 gold pieces
 28623 | Shoals:1 | Noticed a kraken
 28665 | Shoals:1 | Found a runed translucent gate.
 28665 | Shoals:1 | Found a runed translucent gate.
 28665 | Shoals:1 | Found a runed translucent gate.
 28696 | Shoals:1 | Noticed Tayschli's ghost (journeyman DjFE)
 29309 | Shoals:2 | Found a runed translucent door.
 30037 | Shoals:2 | Reached XP level 17. HP: 134/178 MP: 17/17
 30210 | Shoals:2 | Lost mutation: You are completely covered in iridescent
                  | scales. (AC +6) [Jiyva's grace]
 30210 | Shoals:2 | Lost mutation: You are very robust. (+20% HP) [Jiyva's
                  | grace]
 30210 | Shoals:2 | Lost mutation: Your spells are much harder to cast, but
                  | much more powerful. [Jiyva's grace]
 30210 | Shoals:2 | Lost mutation: Your movements are less encumbered by
                  | armour. (ER -4) [Jiyva's grace]
 30210 | Shoals:2 | Lost mutation: Your movements are slightly less encumbered
                  | by armour. (ER -2) [Jiyva's grace]
 30210 | Shoals:2 | Gained mutation: You have sharp fingernails. [Jiyva's
                  | grace]
 30210 | Shoals:2 | Gained mutation: You have very sharp fingernails. [Jiyva's
                  | grace]
 30210 | Shoals:2 | Gained mutation: You have claws for hands. [Jiyva's grace]
 30210 | Shoals:2 | Gained mutation: Your mind is acute. (Int +2) [Jiyva's
                  | grace]
 30879 | Shoals:3 | Noticed Polyphemus
 30956 | Shoals:3 | Killed Polyphemus
 31939 | Shoals:4 | Entered Level 4 of the Shoals
 33504 | Shoals:4 | Noticed a kraken
 33870 | Shoals:4 | Killed a kraken
 33906 | Shoals:4 | Got a barnacled rune of Zot
 34494 | D:2      | Killed Crazy Yiuf
 34819 | Orc:1    | Killed Grognak's ghost
 35201 | Snake:1  | Entered Level 1 of the Snake Pit
 35555 | Snake:1  | Reached skill level 1 in Throwing
 35827 | Snake:1  | Reached XP level 18. HP: 172/172 MP: 18/18
 36152 | Snake:1  | Lost mutation: You have a pair of small antennae on your
                  | head. [Jiyva's grace]
 36152 | Snake:1  | Lost mutation: You are robust. (+10% HP) [Jiyva's grace]
 36152 | Snake:1  | Gained mutation: Your body has grown eyes which may confuse
                  | attackers. (Acc +3) [Jiyva's grace]
 36152 | Snake:1  | Gained mutation: Your body has grown many eyes which may
                  | confuse attackers. (Acc +5) [Jiyva's grace]
 36152 | Snake:1  | Gained mutation: Your body is covered in eyes which may
                  | confuse attackers. (Acc +7, SInv) [Jiyva's grace]
 36152 | Snake:1  | Gained mutation: You have a small jelly attached to you
                  | that senses nearby items. [Jiyva's grace]
 36176 | Snake:1  | Noticed Mlioglotl
 36193 | Snake:1  | Killed Mlioglotl
 36194 | Snake:1  | Reached skill level 5 in Throwing
 37318 | Snake:2  | Mangled by a naga warrior

Illustrated notes

Levels and vault maps discovered:
D:1:      erik_arrival_orb_chamber, layout_loops_ring, minmay_crystal_water
D:2:      layout_basic, hangedman_abyss_or_decor_lesser_grid,
          uniq_crazy_yiuf_cottage
D:3:      layout_basic, shapermc_ecumenical_altar_venn, serial_shops,
          nicolae_shop_trees, kennysheep_generic_room_13
D:4:      layout_loops_cross, chequers_temple_overflow_minitemple
D:5:      layout_basic, lemuel_doored_altar
D:6:      layout_basic, fountainhead
D:7:      layout_loops_ring, minmay_temple_entry_antechambers,
          minmay_fractal_squares_5, uniq_duvessa
D:8:      layout_basic, lemuel_mausoleum_altar_yredelemnul
D:9:      layout_loops_ring, uniq_prince_ribbit1
D:10:     layout_irregular_city, due_lair_maze_entry_diamond,
          serial_column_ruins, column_ruins_open_tiny, column_ruins_open_large,
          column_ruins_open_small, column_ruins_grid_1,
          column_ruins_corridor_corner, column_ruins_open_small,
          kennysheep_generic_room_9, uniq_harold, uniq_josephine
D:11:     layout_roguey, david_orc_5, hangedman_decor_push
D:12:     layout_roguey, serial_shops, shop
D:13:     layout_cave_pods, chequers_decorated_corner,
          nicolae_gozag_seed_capital, uniq_lodul
D:14:     layout_cross, grunt_vaults_entry_fortified, minmay_misc_feat_rugged,
          minmay_puff
D:15:     hangedman_depths_entry_try_elsewhere_first, layout_basic,
          serial_shops, shop, nicolae_hepliaklqana_hippocampus
Lair:1:   layout_misc_corridors, portal_ice_cave_entry_imps,
          cheibrodos_lair_reptile_den, infiniplex_staircase_pool
Lair:2:   layout_loops_ring, minmay_shoals_entry_centaurs, kennysheep_rathole,
          grunt_megastairs_5
Lair:3:   nzn_winding_woodlands_huge [nzn_winding_woodlands_5x15_river_crossing,
          nzn_winding_woodlands_5x15_concentric,
          nzn_winding_woodlands_5x15_sidewinder,
          nzn_winding_woodlands_5x15_pockets,
          nzn_winding_woodlands_5x15_crooked,
          nzn_winding_woodlands_5x15_lazy_stream,
          nzn_winding_woodlands_5x15_default, nzn_winding_woodlands_5x15_eye,
          nzn_winding_woodlands_5x15_zeroes, nzn_winding_woodlands_5x15_parted,
          nzn_winding_woodlands_center_pierced_h,
          nzn_winding_woodlands_center_lodge,
          nzn_winding_woodlands_15x15_thick_spiral], layout_regular_city
Lair:4:   layout_regular_city, dummy_snake_entry, lookout_lair_type,
          eino_small_chamber_without_monster, serial_bayou_pond_e, wad_woods_03
Lair:5:   layout_regular_city, uniq_urug
Lair:6:   minmay_lair_end_enchanted_forest, layout_gridlike,
          minmay_slime_entry_pillars, serial_bayou_shore_b
Shoals:1: layout_shoals, gammafunk_ghost_tricky_traps, serial_shops,
          nicolae_lakefront_shop, uniq_jorgrun, uniq_nikola
Shoals:2: layout_shoals, lightli_airlock
Shoals:3: layout_shoals, uniq_polyphemus
Shoals:4: shoals_end_hangedman, layout_shoals
Snake:1:  layout_gridlike, grunt_ministairs_10, grunt_megastairs_4,
          uniq_mlioglotl
Snake:2:  onia_ninara_swampy_vault, layout_onion_interference, special_room
Orc:1:    layout_caves, basic_altar, gammafunk_ghost_berserking_beasts,
          uniq_erolcha
Orc:2:    grunt_orc_gardens, layout_diamond_mine, grunt_orc_garden,
          grunt_orc_garden, grunt_orc_garden, grunt_orc_garden,
          gammafunk_ghost_cemetery

Skill      XL: |  1  2  3  4  5  6  7  8  9 10 11 12 13 14 15 16 17 18 |
---------------+-------------------------------------------------------+-----
Polearms       | 5 6 7 8 10 12 14 16 17 19 20 | 20.3
Fighting       | 6 9 11 12 13 15 18 | 18.0
Dodging        | 7 11 13 15 19 20 | 20.4
Armour         | 5 6 8 |  8.7
Evocations     | 9 12 | 12.7
Throwing       | 2 7 |  7.2
Stealth        | |  2.1

Action                   |  1- 3 |  4- 6 |  7- 9 | 10-12 | 13-15 | 16-18 || total
-------------------------+-------+-------+-------+-------+-------+-------++-------
Melee: Spear             |   145 |   171 |    72 |     5 |       |       ||   393
       Punch             |     1 |     1 |     4 |     1 |     1 |       ||     8
       Halberd           |       |       |   182 |   483 |  1080 |     8 ||  1753
       Trident           |       |       |       |    47 |    93 |       ||   140
       Tailslap          |       |       |       |     3 |     7 |    84 ||    94
       Glaive            |       |       |       |       |   145 |  1309 ||  1454
       Bite              |       |       |       |       |    15 |   173 ||   188
Throw: Stone             |    13 |       |       |       |       |       ||    13
       Dart              |       |     9 |    28 |    55 |       |       ||    92
       Javelin           |       |       |     3 |       |    21 |     5 ||    29
       Boomerang         |       |       |       |    35 |       |    64 ||    99
Invok: Oozemancy         |       |     1 |     7 |     8 |    13 |    19 ||    48
       Slimify           |       |       |       |       |     1 |       ||     1
Evoke: Wand              |       |       |       |    17 |    17 |     9 ||    43
       Tin of tremorston |       |       |       |     3 |     3 |     7 ||    13
       Condenser vane    |       |       |       |       |     5 |     8 ||    13
       Lightning rod     |       |       |       |       |     3 |    19 ||    22
  Use: Scroll            |       |     7 |     5 |     5 |     6 |     5 ||    28
       Potion            |       |       |       |       |     2 |    10 ||    12
 Stab: Sleeping          |     4 |     1 |       |       |       |       ||     5
       Confused          |       |     2 |     1 |     8 |     1 |     6 ||    18
       Distracted        |       |       |       |     2 |     3 |     1 ||     6
       Petrified         |       |       |       |       |     2 |       ||     2
       Paralysed         |       |       |       |       |     3 |       ||     3
Armor: Leather armour    |    11 |       |       |       |       |       ||    11
       Robe              |     1 |       |       |       |       |       ||     1
       Ring mail         |    21 |    30 |     7 |       |       |       ||    58
       Scale mail        |       |       |    31 |    46 |       |       ||    77
       Plate armour      |       |       |       |    62 |   357 |   524 ||   943
Dodge: Dodged            |    67 |    72 |   114 |   384 |   694 |   961 ||  2292

Table legend: (Time is in decaauts)
 A = Elapsed time spent in this place.
 B = Non-inter-level travel time spent in this place.
 C = Inter-level travel time spent in this place.
 D = Time resting spent in this place.
 E = Time spent auto-exploring this place.
 F = Levels seen in this place.
 G = Mean time per level.
                   A        B        C        D        E       F      G
               +--------+--------+--------+--------+--------+-----+--------+
         Total |  35513 |  33019 |   2494 |   9902 |  15932 |  29 | 1224.6 |
       Dungeon |  18206 |  16601 |   1605 |   4438 |   8884 |  15 | 1213.7 |
          Lair |   8542 |   8026 |    516 |   2195 |   4141 |   6 | 1423.7 |
        Shoals |   5150 |   5013 |    137 |   2301 |   1429 |   4 | 1287.5 |
     Snake Pit |   1802 |   1783 |     19 |    648 |    685 |   2 |  901.0 |
  Orcish Mines |   1810 |   1595 |    215 |    318 |    793 |   2 |  905.0 |
               +--------+--------+--------+--------+--------+-----+--------+

Top non-repeatable levels by time:
  Lair:3: 3052 daAuts
    D:11: 1807 daAuts
    D:10: 1729 daAuts
 Snake:1: 1662 daAuts
  Lair:4: 1556 daAuts
Shoals:4: 1547 daAuts
     D:5: 1469 daAuts
    D:15: 1435 daAuts
Shoals:3: 1319 daAuts
     D:2: 1238 daAuts
     D:8: 1226 daAuts
Shoals:2: 1209 daAuts
  Lair:6: 1196 daAuts
     D:9: 1188 daAuts
     D:7: 1165 daAuts
